 Dungeon Crawl Stone Soup version 0.28.0-53-g5a82cb258f (webtiles) character file.

Game seed: 17345092524146795958

109 Zeld the Digger (level 4, -1/24 HPs)
             Began as a Gargoyle Earth Elementalist on May 26, 2022.
             Slain by an orc
             ... wielding a +0 club
              (4 damage)
             ... on level 4 of the Dungeon.
             The game lasted 00:01:36 (1860 turns).

Zeld the Digger (Gargoyle Earth Elementalist)       Turns: 1860, Time: 00:01:36

Health: -1/24      AC:  5    Str: 11    XL:     4   Next: 89%
Magic:  0/8        EV: 11    Int: 18    God:
Gold:   77         SH:  0    Dex: 10    Spells: 3/9 levels left

rFire   . . .      SeeInvis .   (no weapon)
rCold   . . .      Faith    .   (no shield)
rNeg    + . .      Spirit   .   b - +0 robe
rPois   ∞          Reflect  .   (no helmet)
rElec   +          Harm     .   (no cloak)
rCorr   .          Rampage  .   (no gloves)
Will    .....                   (no boots)
Stlth   ++........              (no amulet)
HPRegen 0.08/turn               (no ring)
MPRegen 0.11/turn               (no ring)

@: no status effects
A: sickness immunity, AC +3, negative energy resistance 1, electricity
resistance, torment resistance 1, petrification resistance
a: no special abilities


You were on level 4 of the Dungeon.
You visited 1 branch of the dungeon, and saw 3 of its levels.

You collected 77 gold pieces.

Inventory:

Missiles
 c - 35 stones
Armour
 b - a +0 robe (worn)
Scrolls
 a - a scroll of magic mapping {unknown}
 d - a scroll of brand weapon {unknown}
 e - a scroll of silence {unknown}
 g - 2 scrolls of enchant armour {unknown}
 h - a scroll of summoning {unknown}
 i - 3 scrolls of identify {unknown}
 j - a scroll of teleportation {unknown}
Potions
 f - 2 potions of berserk rage {unknown}
 k - a potion of brilliance {unknown}


   Skills:
 - Level 1.5 Dodging
 - Level 2.1 Stealth
 * Level 3.2 Spellcasting
 + Level 1.6 Transmutations
 * Level 5.0 Earth Magic


You had 3 spell levels left.
You knew the following spells:

 Your Spells              Type           Power      Damage    Failure   Level
a - Sandblast             Erth           42%        2d11      1%          1
b - Passwall              Tmut/Erth      11%        N/A       6%          2
c - Stone Arrow           Conj/Erth      24%        3d8       17%         3

Your spell library contained the following spells:

 Spells                   Type           Power      Damage    Failure   Level
 Petrify                  Tmut/Erth      14%        N/A       38%         4


Dungeon Overview and Level Annotations

Branches:
Dungeon (2/15)

Altars:


Innate Abilities, Weirdness & Mutations

You are immune to sickness and miasma.
Your stone body is resilient. (AC +3)
You are immune to poison.
You resist negative energy. (rN+)
You are resistant to electric shocks. (rElec)
You are resistant to unholy torment.
You are immune to petrification.


Message History

The orc hits you with a +0 club.
Okay, then.
You hit the orc but do no damage.
The orc is heavily wounded.
The orc closely misses you. x2
You hit the orc but do no damage.
The orc is heavily wounded.
The orc completely misses you. The orc barely misses you.
You hit the orc but do no damage.
The orc is heavily wounded.
The orc hits you with a +0 club. The orc barely misses you.
You completely miss the orc.
The orc is heavily wounded.
The orc hits you with a +0 club.
* * * LOW HITPOINT WARNING * * *
The orc hits you but does no damage.
You hit the orc.
The orc is severely wounded.
The orc hits you with a +0 club.
* * * LOW HITPOINT WARNING * * *
You barely miss the orc.
The orc is severely wounded.
The orc misses you. The orc barely misses you.
You closely miss the orc.
The orc is severely wounded.
The orc barely misses you. The orc hits you with a +0 dagger.
* * * LOW HITPOINT WARNING * * *
Casting: Sandblast (safe; 1% risk of failure)
Confirm with . or Enter, or press ? or * to list all spells.
Aiming: Sandblast (safe; 1% risk of failure)
Press: ? - help, Shift-Dir - straight line, f - orc
Aim: an orc, wielding a +0 dagger (81% to hit)
The blast of sand misses the orc.
The blast of sand hits something!
c - 35 stones The orc barely misses you.
Unknown command.
You hit the orc but do no damage.
The orc is severely wounded.
The orc hits you with a +0 club.
You die...

......o..# .#
######...######.#
###..##...
######.##.#
...........#
.#######...###
###..{### ###ooo#
###@# ###


You could see 3 orcs.

Vanquished Creatures
  An orc priest (D:4)
  A jelly (D:4)
  An adder (D:2)
  3 dart slugs (D:1)
  4 ball pythons
  4 endoplasms (D:1)
  2 giant cockroaches
  3 goblins (D:1)
  2 hobgoblins (D:1)
  3 jackals (D:1)
  2 quokkas (D:1)
  3 bats
  A kobold (D:4)
  4 rats
34 creatures vanquished.

Notes
Turn   | Place    | Note
-------+----------+-------------------------------------------
     0 | D:1      | Zeld the Gargoyle Earth Elementalist began the quest for
                  | the Orb.
     0 | D:1      | Reached XP level 1. HP: 10/10 MP: 3/3
   230 | D:1      | Reached skill level 1 in Transmutations
   230 | D:1      | Reached XP level 2. HP: 15/15 MP: 3/5
   245 | D:1      | Reached skill level 4 in Earth Magic
   248 | D:1      | Learned a level 2 spell: Passwall
   417 | D:1      | Found a faded altar of an unknown god.
   937 | D:1      | Reached XP level 3. HP: 19/19 MP: 3/6
   941 | D:1      | Learned a level 3 spell: Stone Arrow
  1798 | D:2      | You fall into a shaft and drop 2 floors!
  1835 | D:4      | Reached XP level 4. HP: 23/24 MP: 2/8
  1850 | D:4      | Reached skill level 5 in Earth Magic
  1860 | D:4      | Slain by an orc

Illustrated notes

Levels and vault maps discovered:
D:1:      dpeg_arrival_arbitrary_a, layout_basic, ebering_ecumenical_altar_mist
D:2:      layout_rooms
D:4:      layout_rooms, nicolae_dithmenos_the_darkroom,
          gammafunk_ghost_necromancy, hangedman_glass_teeth

Skill      XL: |  1  2  3  4 |
---------------+-------------+-----
Transmutations | 1 |  1.6
Earth Magic    | 4 5 |  5.0
Spellcasting   | 3 |  3.2
Dodging        | |  1.5
Stealth        | |  2.1

Action                   |  1- 3 |  4- 6 || total
-------------------------+-------+-------++-------
Melee: Unarmed           |    22 |    21 ||    43
       Punch             |     1 |       ||     1
 Cast: Sandblast         |    46 |     5 ||    51
 Stab: Sleeping          |     1 |       ||     1
Armor: Robe              |    23 |     6 ||    29
Dodge: Dodged            |    29 |    16 ||    45
